 Dungeon Crawl Stone Soup version 0.25-a0-388-g41a7e554cb (webtiles) character file.

Game seed: 4082530926148196945, levelgen mode: deterministic

111 sankara the Grave Robber (level 4, -6/33 HPs)
             Began as a Ghoul Necromancer on Jan 7, 2020.
             Was an Initiate of Ru.
             Killed from afar by Grinder (10 damage)
             ... with a puff of flame
             ... on level 3 of the Dungeon.
             The game lasted 00:08:59 (2317 turns).

sankara the Grave Robber (Ghoul Necromancer)        Turns: 2317, Time: 00:09:00

Health: -6/33      AC:  5    Str: 11    XL:     4   Next: 92%
Magic:  2/5        EV: 12    Int: 11    God:    Ru [......]
Gold:   118        SH:  0    Dex:  9    Spells: 1/6 levels left

rFire    . . .     SeeInvis .   k - +0 whip
rCold    + . .     Gourm    .   (no shield)
rNeg     + + +     Faith    .   f - +0 leather armour
rPois    ∞         Spirit   .   (no helmet)
rElec    .         Reflect  .   e - +0 cloak (curse)
rCorr    .         Harm     .   (no gloves)
MR       .....                  o - +0 pair of boots
Stlth    +.........             (no amulet)
HPRegen  0.00/turn              (no ring)
MPRegen  0.09/turn              (no ring)

@: rotting
A: rotting body, claws 1, carnivore, cold resistance 1, negative energy
resistance 3, inhibited regeneration, torment resistance, unbreathing
a: Renounce Religion


You were on level 3 of the Dungeon.
You worshipped Ru.
Ru was noncommittal.
You were not hungry.

You visited 1 branch of the dungeon, and saw 3 of its levels.

You collected 118 gold pieces.

Inventory:

Hand Weapons
 d - a +0 club
   (You took it off a hobgoblin on level 1 of the Dungeon)
 k - a +0 whip (weapon)
   (You found it on level 2 of the Dungeon)
 r - a +1 antimagic dagger
   (You found it on level 3 of the Dungeon)
Missiles
 g - 91 stones (quivered)
 m - 17 sling bullets
Armour
 e - a cursed +0 cloak (worn)
   (You found it on level 1 of the Dungeon)
 f - a +0 leather armour (worn)
   (You found it on level 1 of the Dungeon)
 o - a +0 pair of boots (worn)
   (You found it on level 2 of the Dungeon)
Wands
 i - a wand of disintegration (8)
   (You found it on level 2 of the Dungeon)
 j - a wand of iceblast (10)
   (You found it on level 2 of the Dungeon)
Scrolls
 a - 2 scrolls of magic mapping {unknown}
 b - a scroll of teleportation {unknown}
 n - 2 scrolls of remove curse {unknown}
 p - a scroll of identify {unknown}
Potions
 h - a potion of ambrosia {unknown}
 q - a potion of curing {unknown}
 s - a potion of degeneration {unknown}
Comestibles
 c - 5 rations
 l - 5 chunks of flesh {@w0}


   Skills:
 * Level 2.2 Maces & Flails
 + Level 2.8 Dodging
 - Level 2.1 Stealth
 - Level 1.7 Spellcasting
 + Level 4.7 Necromancy


You had one spell level left.
You knew the following spells:

 Your Spells              Type           Power        Failure   Level  Hunger
a - Pain                  Necr           ##..         5%          1    ##.....
b - Animate Skeleton      Necr           N/A          5%          1    ##.....
c - Vampiric Draining     Necr           ##........   17%         3    ####...

Your spell library contained the following spells:

 Spells                   Type           Power        Failure   Level  Hunger
 Animate Dead             Necr           N/A          50%         4    #####..
 Agony                    Necr           ##......     83%         5    ######.


Dungeon Overview and Level Annotations

Branches:
Dungeon (3/15)

Altars:
Cheibriados
Nemelex Xobeh
Ru
Uskayaw

Annotations:
D:3 Grinder


Innate Abilities, Weirdness & Mutations

Your body is rotting away.
You thrive on raw meat.
You are immune to poison.
You have sharp fingernails.
You are carnivorous and can eat meat at any time.
Your flesh is cold resistant. (rC+)
You are immune to negative energy. (rN+++)
You do not regenerate when monsters are visible.
You are immune to unholy pain and torment.
You can survive without breathing.


Message History

You now have 118 gold pieces (gained 14).
Your quokka skeleton crumbles into dust!
s - a coppery potion
Found a snail-covered altar of Cheibriados.
An orc comes into view. It is wielding a +0 flail.
The orc shouts!
An orc is nearby!
You barely miss the orc.
You hear the quick rusting of a very distant drain.
The orc closely misses you.
You closely miss the orc. The orc hits you with a +0 flail.
You hit the orc.
The orc is almost dead.
Your leopard gecko skeleton completely misses the orc.
You barely miss the orc.
The orc is almost dead.
The orc barely misses you.
Your leopard gecko skeleton misses the orc.
You barely miss the orc.
The orc is almost dead.
The orc closely misses you.
Your leopard gecko skeleton misses the orc.
You hit the orc.
You kill the orc!
No target in view!
Things that are here:
a +0 flail; an orc corpse
Casting: Animate Skeleton (safe; 5% risk of failure)
Confirm with . or Enter, or press ? or * to list all spells.
You attempt to give life to the dead...
Before your eyes, flesh is ripped from the corpse!
The dead are walking!
l - 6 chunks of flesh {@w0} (gained 3)
You swap places.
You swap places.
Some of the chunks of flesh in your inventory have rotted away.
There is a stone staircase leading down here.
You hear the quick rusting of a distant drain.
You see here a robe.
An orc comes into view. It is wielding a +0 dagger.
The orc shouts!
Casting: Animate Skeleton (safe; 5% risk of failure)
Confirm with . or Enter, or press ? or * to list all spells.
Aiming: Pain (safe; 5% risk of failure)
Press: ? - help, Shift-Dir - straight line, f - orc
Aim: an orc, wielding a +0 dagger (chance to defeat MR: 80%)
The orc barely resists.
Casting: Pain (safe; 5% risk of failure)
Confirm with . or Enter, or press ? or * to list all spells.
Aiming: Pain (safe; 5% risk of failure)
Press: ? - help, Shift-Dir - straight line, f/p - orc
Aim: an orc, wielding a +0 dagger (chance to defeat MR: 80%)
The orc writhes in agony.
Casting: Pain (safe; 5% risk of failure)
Confirm with . or Enter, or press ? or * to list all spells.
Aiming: Pain (safe; 5% risk of failure)
Press: ? - help, Shift-Dir - straight line, f/p - orc
Aim: an orc, wielding a +0 dagger (severely wounded, chance to defeat MR: 80%)
The orc writhes in agony.
You kill the orc!
You see here a +0 dagger.
Found a stone staircase leading up. 2 leopard geckos, a rat and Grinder come into view.
Grinder is carrying a wand of flame (14).
Grinder shouts!
Grinder zaps a wand.
The puff of flame misses you.
Casting: Pain (safe; 5% risk of failure)
Confirm with . or Enter, or press ? or * to list all spells.
Aiming: Pain (safe; 5% risk of failure)
Press: ? - help, Shift-Dir - straight line, f - leopard gecko
Aim: a leopard gecko (hasn't noticed you, chance to defeat MR: 80%)
The leopard gecko hisses angrily.
The leopard gecko writhes in agony.
You kill the leopard gecko!
The leopard gecko hisses angrily.
Casting: Pain (safe; 5% risk of failure)
Confirm with . or Enter, or press ? or * to list all spells.
You can't see any susceptible monsters within range! (Use Z to cast anyway.) Grinder zaps a wand.
The puff of flame hits you!
A giant cockroach comes into view.
You swap places.
Grinder zaps a wand.
The puff of flame hits you! Grinder completely misses you.
You closely miss Grinder.
Grinder zaps a wand.
The puff of flame hits you!
* * * LOW HITPOINT WARNING * * *
You swap places.
Grinder blinks!
You barely miss Grinder.
The leopard gecko bites your leopard gecko skeleton.
Grinder hits you.
* * * LOW HITPOINT WARNING * * *
Casting: Pain (safe; 5% risk of failure)
Confirm with . or Enter, or press ? or * to list all spells.
Aiming: Pain (safe; 5% risk of failure)
Press: ? - help, Shift-Dir - straight line, f - rat
Aim: a rat (chance to defeat MR: 80%)
The rat writhes in agony.
You kill the rat!
Your leopard gecko skeleton bites the leopard gecko.
The leopard gecko bites your leopard gecko skeleton.
Grinder zaps a wand.
The puff of flame hits you!
You die...

#.# #... #.# #..# #.#
#.†# #######.## #..#
.........######..###
#######.#....##...< s
#........###.###.####...#
#.#####)## #....5........
..# #.# #####@#####...
### #.###### #.# #......#
#Z# ######.# #l# #.# #.#
#.# #.. ######## #.# ###
>...Z..#####[######
######............[.


You could see Grinder, a leopard gecko and a friendly leopard gecko skeleton.

Vanquished Creatures
  4 adders
  An ooze (D:3)
  A worm (D:2)
  2 leopard geckos (D:3)
  6 orcs (D:3)
  10 bats
  3 giant cockroaches
  5 goblins
  4 hobgoblins (D:1)
  2 quokkas
  2 ball pythons
  3 frilled lizards
  7 kobolds
  7 rats
57 creatures vanquished.

Vanquished Creatures (collateral kills)
  A goblin (D:1)
  A hobgoblin (D:3)
  A quokka (D:3)
  A bat (D:3)
  2 frilled lizards (D:1)
  2 rats (D:1)
8 creatures vanquished.

Grand Total: 65 creatures vanquished

Notes
Turn   | Place    | Note
-------+----------+-------------------------------------------
     0 | D:1      | sankara the Ghoul Necromancer began the quest for the Orb.
     0 | D:1      | Reached XP level 1. HP: 14/14 MP: 2/2
    15 | D:1      | Learned a level 1 spell: Animate Skeleton
    53 | D:1      | Reached skill level 2 in Dodging
    80 | D:1      | Reached XP level 2. HP: 10/20 MP: 0/3
   638 | D:1      | Reached XP level 3. HP: 22/26 MP: 4/4
   743 | D:2      | Reached skill level 1 in Maces & Flails
   944 | D:2      | Noticed a +0 dagger
   945 | D:2      | Found a hide-covered altar of Uskayaw.
   945 | D:2      | Noticed a +0 hand axe
  1316 | D:2      | Learned a level 3 spell: Vampiric Draining
  1593 | D:2      | Reached XP level 4. HP: 17/33 MP: 0/5
  1604 | D:2      | Found a sacrificial altar of Ru.
  1623 | D:2      | Became a worshipper of Ru the Awakened
  1894 | D:3      | Reached skill level 2 in Maces & Flails
  1959 | D:3      | Found a sparkling altar of Nemelex Xobeh.
  2026 | D:3      | HP: 8/33 [hobgoblin/+0 club (3)]
  2059 | D:3      | HP: 7/33 [orc/+0 short sword (4)]
  2225 | D:3      | Found a snail-covered altar of Cheibriados.
  2308 | D:3      | Noticed Grinder
  2314 | D:3      | HP: 7/33 [Grinder/puff of flame (8)]
  2317 | D:3      | Killed from afar by Grinder

Levels and vault maps discovered:
D:1:      enne_arrival_octagon_isle, layout_rooms, st_stairs_10
D:2:      layout_loops_ring, nicolae_ru_the_path_less_chosen,
          dancing_weapons_uskayaw
D:3:      layout_loops_ring, cheibriados_altar_1,
          nemelex_xobeh_ov_fountains_minmay, gup_sewer_entry_bowl,
          nemelex_dance_club_becter, uniq_grinder

Skill      XL: |  1  2  3  4 |
---------------+-------------+-----
Dodging        | 2 |  2.8
Maces & Flails | 1 2 |  2.2
Stealth        | |  2.1
Spellcasting   | |  1.7
Necromancy     | |  4.7

Action                   |  1- 3 |  4- 6 || total
-------------------------+-------+-------++-------
Melee: Unarmed           |     5 |       ||     5
       Club              |    89 |       ||    89
       Whip              |    61 |    69 ||   130
 Cast: Pain              |    14 |    14 ||    28
       Animate Skeleton  |    18 |     9 ||    27
 Stab: Distracted        |     1 |       ||     1
       Sleeping          |     1 |     1 ||     2
  Eat: Chunk             |    12 |    13 ||    25
Armor: Robe              |     6 |       ||     6
       Leather armour    |    67 |    30 ||    97
Dodge: Dodged            |   138 |    57 ||   195

Table legend:
 A = Non-vault XP
 B = Vault XP
 C = Vault XP percentage of total XP
 D = Non-vault monster count
 E = Vault monster count
 F = Vault count percentage of total count
                 A         B        C        D         E       F
            +---------+---------+-------+---------+---------+-------
      Total |     144 |      15 |   9.4 |      59 |       6 |   9.2
            +---------+---------+-------+---------+---------+-------
        D:1 |      31 |       5 |  13.9 |      23 |       4 |  14.8
        D:2 |      59 |       0 |   0.0 |      15 |       0 |   0.0
        D:3 |      54 |      10 |  15.6 |      21 |       2 |   8.7
            +---------+---------+-------+---------+---------+-------

Levels and vault maps discovered:
D:1:      enne_arrival_octagon_isle, layout_rooms, st_stairs_10
D:2:      layout_loops_ring, nicolae_ru_the_path_less_chosen,
          dancing_weapons_uskayaw
D:3:      layout_loops_ring, cheibriados_altar_1,
          nemelex_xobeh_ov_fountains_minmay, gup_sewer_entry_bowl,
          nemelex_dance_club_becter, uniq_grinder

Table legend:
 A = Turns spent in this place as a percentage of turns spent in the entire game.
 B = Non-inter-level travel turns spent in this place as a percentage of non-inter-level travel turns spent in the entire game.
 C = Inter-level travel turns spent in this place as a percentage of turns spent in this place.
 D = Turns resting spent in this place as a percentage of non-inter-level travel turns spent in this place.
 E = Turns spent auto-exploring this place as a percentage of non-inter-level travel turns spent in this place.
 F = Non-inter-level travel turns spent in this place divided by the number of levels of this place that you've seen.
                   A       B       C       D       E      F
               +-------+-------+-------+-------+-------+----------------------
         Total | 100.0 | 100.0 |   5.2 |  19.0 |  48.5 | 732.0
       Dungeon | 100.0 | 100.0 |   5.2 |  19.0 |  48.5 | 732.0
               +-------+-------+-------+-------+-------+----------------------

Table legend:
 A = Kills in this place as a percentage of kills in entire the game.
 B = Kills by you in this place as a percentage of kills by you in the entire game.
 C = Kills by friends in this place as a percentage of kills by friends in the entire game.
 D = Other kills in this place as a percentage of other kills in the entire game.
 E = Experience gained in this place as a percentage of experience gained in the entire game.
 F = Experience gained in this place divided by the number of levels of this place that you have seen.
                   A       B       C       D       E      F
               +-------+-------+-------+-------+-------+----------------------
         Total | 100.0 | 100.0 | 100.0 |   N/A | 100.0 |  53.0
       Dungeon | 100.0 | 100.0 | 100.0 |   N/A | 100.0 |  53.0
               +-------+-------+-------+-------+-------+----------------------
